 Dungeon Crawl Stone Soup version 0.29.1 (webtiles) character file.

Game seed: 2653704822607686340

248360 greasedhog the Corrupter of Planes (level 19, -2/136 HPs)
             Began as a Gargoyle Abyssal Knight on Sept 14, 2022.
             Was the Champion of Lugonu.
             Slain by a harpy (6 damage)
             ... on level 1 of the Vaults.
             The game lasted 01:31:45 (47614 turns).

greasedhog the Corrupter of Planes (GrAK)          Turns: 47614, Time: 01:31:46

Health: -2/136     AC: 41    Str: 30    XL:     19   Next: 56%
Magic:  34/34      EV: 11    Int: 15    God:    Lugonu [******]
Gold:   852        SH: 17    Dex: 11    Spells: 18/18 levels left

rFire   + + .      SeeInvis +   a - +5 flail "Zeiwk" {vamp, Str+4}
rCold   . . .      Faith    .   U - +0 kite shield
rNeg    + . .      Spirit   .   S - +5 chain mail "Ecaec" {+Blink SInv}
rPois   ∞          Reflect  +   w - +2 hat {Will+}
rElec   +          Harm     .   z - +0 cloak
rCorr   +          Rampage  .   P - +1 pair of gloves of Pandemonium {rPois Slay+2 Stlth+}
Will    ++...      Rage     3%  G - +2 pair of boots
Stlth   ..........              J - amulet of reflection
HPRegen 0.32/turn               n - ring of protection from fire
MPRegen 0.24/turn               I - ring of Bofa {rF+ rCorr Str+2 Dex+2}

@: on berserk cooldown, flying, slowed, very slow
A: sickness immunity, AC +14, big wings, negative energy resistance 1,
electricity resistance, torment resistance 1, petrification resistance, berserk
1, clever 1, robust 1, shaggy fur 1
}: 2/15 runes: decaying, serpentine
a: Renounce Religion, Evoke Blink, Depart the Abyss, Bend Space, Banish,
Corrupt, Enter the Abyss, Brand Weapon With Distortion


You were on level 1 of the Vaults.
You worshipped Lugonu.
Lugonu was exalted by your worship.
You visited 6 branches of the dungeon, and saw 31 of its levels.
You visited the Abyss 1 time.
You also visited: Ice Cave.

You collected 2986 gold pieces.
You spent 2134 gold pieces at shops.

Inventory:

Hand Weapons
 a - the +5 flail "Zeiwk" (weapon) {vamp, Str+4}
   (You found it on level 3 of the Swamp)

   It occasionally heals its wielder for a portion of the damage dealt when it
   wounds a living foe.
   Str:       It affects your strength (+4).
 b - a +2 mace of holy wrath
Missiles
 r - 13 curare-tipped darts (quivered)
Armour
 w - a +2 hat of willpower (worn)
 z - a +0 cloak (worn)
 G - a +2 pair of boots (worn)
 P - the +1 pair of gloves of Pandemonium (worn) {rPois Slay+2 Stlth+}
   (You acquired it on level 1 of the Vaults)

   Slay:      It affects your accuracy & damage with ranged weapons and melee
   (+2).
   rPois:     It protects you from poison.
   Stlth:     It makes you more stealthy.
 S - the +5 chain mail "Ecaec" (worn) {+Blink SInv}
   (You found it on level 13 of the Dungeon)

   SInv:      It lets you see invisible.
   +Blink:    It lets you blink.
 U - a +0 kite shield (worn)
Jewellery
 n - a ring of protection from fire (left hand)
 u - a ring of ice
 F - a ring of resist corrosion
 I - the ring of Bofa (right hand) {rF+ rCorr Str+2 Dex+2}
   (You found it on level 11 of the Dungeon)

   [ring of resist corrosion]

   Str:       It affects your strength (+2).
   Dex:       It affects your dexterity (+2).
   rF:        It protects you from fire.
   rCorr:     It protects you from acid and corrosion.
 J - an amulet of reflection (around neck)
 O - an amulet of regeneration
Wands
 t - a wand of flame (40)
 v - a wand of polymorph (31)
 A - a wand of roots (20)
 B - a wand of digging (9)
 K - a wand of paralysis (21)
 L - a wand of acid (10)
 M - a wand of mindburst (19)
Scrolls
 d - 2 scrolls of summoning
 g - a scroll of blinking
 j - a scroll of immolation
 k - 5 scrolls of poison
 l - 7 scrolls of amnesia
 m - 2 scrolls of brand weapon
 o - 8 scrolls of enchant weapon
 q - 8 scrolls of butterflies
 y - 2 scrolls of torment
 E - 4 scrolls of enchant armour
 N - 4 scrolls of magic mapping
 R - 9 scrolls of identify
 W - 13 scrolls of teleportation
 X - 2 scrolls of fear
Potions
 e - 12 potions of curing
 f - 3 potions of invisibility
 h - 2 potions of cancellation
 i - 3 potions of magic
 p - 4 potions of lignification
 s - 11 potions of mutation
 x - 5 potions of attraction
 C - a potion of heal wounds
 D - 6 potions of brilliance
 H - 3 potions of resistance
 T - 2 potions of ambrosia
 V - 2 potions of might
Miscellaneous
 Q - a lightning rod (4/4)
 Y - a condenser vane


   Skills:
 - Level 15.1 Fighting
 - Level 12.0 Maces & Flails
 * Level 11.1 Armour
 - Level 10.0 Dodging
 * Level 13.2 Shields
 * Level 22.9 Invocations
 - Level 10.0 Evocations


You had 18 spell levels left.
You didn't know any spells.
Your spell library contained the following spells:

 Spells                   Type           Power      Damage    Failure   Level
 Apportation              Tloc           0%         N/A       89%         1
 Beastly Appendage        Tmut           0%         N/A       89%         1
 Necrotise                Necr           0%         1d4       89%         1
 Sandblast                Erth           0%         2d4       89%         1
 Shock                    Conj/Air       0%         1d3       89%         1
 Slow                     Hex            0%         N/A       89%         1
 Sting                    Tmut/Pois      0%         1d3       89%         1
 Summon Small Mammal      Summ           0%         N/A       89%         1
 Blink                    Tloc           0%         N/A       96%         2
 Passwall                 Tmut/Erth      0%         N/A       96%         2
 Poisonous Vapours        Pois/Air       0%         N/A       96%         2
 Scorch                   Fire           0%         2d5       96%         2
 Wereblood                Tmut           0%         N/A       96%         2
 Confusing Touch          Hex            0%         N/A       99%         3
 Portal Projectile        Hex/Tloc       0%         N/A       99%         3
 Spider Form              Tmut/Pois      0%         N/A       99%         3
 Swiftness                Air            0%         N/A       99%         3
 Tukima's Dance           Hex            0%         N/A       99%         3
 Airstrike                Air            0%         2d(0-16)  100%        4
 Corpse Rot               Necr/Pois/Air  0%         N/A       100%        4
 Flame Wave               Conj/Fire      0%         2d4       100%        4
 Hailstorm                Conj/Ice       0%         3d3       100%        4
 Ice Form                 Ice/Tmut       0%         N/A       100%        4
 Leda's Liquefaction      Hex/Erth       0%         N/A       100%        4
 Olgreb's Toxic Radiance  Pois           0%         N/A       100%        4
 Passage of Golubria      Tloc           0%         N/A       100%        4
 Summon Lightning Spire   Summ/Air       0%         N/A       100%        4
 Blade Hands              Tmut           0%         N/A       100%        5
 Fireball                 Conj/Fire      0%         3d3       100%        5
 Lightning Bolt           Conj/Air       0%         1d11      100%        5
 Manifold Assault         Tloc           0%         N/A       100%        5
 Silence                  Hex/Air        0%         N/A       100%        5
 Yara's Violent Unravell  Hex/Tmut       0%         3d3       100%        5
 Dispersal                Tloc           0%         N/A       100%        6
 Iron Shot                Conj/Erth      0%         9d1       100%        6
 Simulacrum               Ice/Necr       0%         N/A       100%        6
 Starburst                Conj/Fire      0%         6d3       100%        6
 Summon Cactus Giant      Summ           0%         N/A       100%        6
 Enfeeble                 Hex            0%         N/A       100%        7
 Monstrous Menagerie      Summ           0%         N/A       100%        7
 Storm Form               Tmut/Air       0%         N/A       100%        7
 Summon Hydra             Summ           0%         N/A       100%        7
 Disjunction              Tloc           0%         N/A       100%        8
 Ignition                 Fire           0%         3d3       100%        8
 Lehudib's Crystal Spear  Conj/Erth      0%         10d2      100%        8
 Sublimation of Blood     Necr           Unusable   N/A       N/A         2
 Statue Form              Tmut/Erth      Unusable   N/A       N/A         6

Dungeon Overview and Level Annotations

Branches:
Dungeon (15/15)            Temple (0/1) D:5            Lair (5/5) D:9
  Swamp (4/4) Lair:3        Snake (4/4) Lair:3        Slime (0/5) Lair:4
    Orc (2/2) D:11            Elf (0/3) Orc:2        Vaults (1/5) D:14
 Depths (0/4) D:15          IceCv (visited)

Altars:
Dithmenos
Elyvilon
Fedhas
Okawaru
Xom
The Shining One

Shops:
D:3 [=!=   Orc:2 [:(*   Snake:1 (!   Snake:2 *   Snake:4 *[**   Vaults:1 :(

Annotations:
Abyss:1 Nergalle, Vashnia


Innate Abilities, Weirdness & Mutations

You are immune to sickness and miasma.
Your stone body is resilient. (AC +14)
You are immune to poison.
Your large and strong wings let you fly.
You resist negative energy. (rN+)
You are resistant to electric shocks. (rElec)
You are resistant to unholy torment.
You are immune to petrification.
You sometimes lose your temper in combat.
Your mind is acute. (Int +4, Str/Dex -1)
You are robust. (+10% HP)
You are covered in fur. (AC +1)


Message History

The harpy is severely wounded.
The harpy claws you but does no damage. The harpy closely misses you. x2
The harpy claws you but does no damage. You block the harpy's attack. x2
The harpy barely misses you. The harpy closely misses you.
You block the harpy's attack. The harpy claws you but does no damage.
The harpy completely misses you. The harpy barely misses you.
You sock the harpy!
The harpy is almost dead.
The harpy claws you.
* * * LOW HITPOINT WARNING * * *
You block the harpy's attack. x2; The harpy claws you.
* * * LOW HITPOINT WARNING * * *
The harpy claws you but does no damage. You block the harpy's attack.
The harpy claws you but does no damage. You block the harpy's attack.
The harpy claws you but does no damage. The harpy barely misses you.
You sock the harpy!
You feel better.
You kill the harpy!
Lugonu accepts your kill.
You block the harpy's attack. x2; The harpy closely misses you.
The harpy barely misses you. The harpy closely misses you. x2
The harpy claws you but does no damage. The harpy closely misses you.
You block the harpy's attack. The harpy claws you but does no damage.
You block the harpy's attack. The harpy claws you.
* * * LOW HITPOINT WARNING * * *
You closely miss the harpy.
The harpy screeches!
The harpy claws you but does no damage. You block the harpy's attack.
The harpy barely misses you. The harpy claws you but does no damage.
You hit the harpy.
You feel better.
The harpy is lightly wounded.
The harpy barely misses you. You block the harpy's attack. The harpy claws you.
* * * LOW HITPOINT WARNING * * *
The harpy claws you but does no damage. The harpy barely misses you.
You block the harpy's attack.
You bludgeon the harpy!!
You feel better.
The harpy is heavily wounded.
You block the harpy's attack. x2; The harpy claws you!
* * * LOW HITPOINT WARNING * * *
The harpy claws you.
You die...

......#........#.#o#.#..#.......#
...[..#........#.###.#..#.......#
...[..#........#.....#..#.......#
......#........#'#####..#.......#
......#.................#########
......#..........................
#######..........................
...............H.................
...............H@..[.............
###############)#################
# #...[# #.. # # #..$)# #.. # #.
#.)..# #.. # ##..##.).# #.. #
.#....#...# #.. # ..........# #..
# .#....#...# #..


You could see 2 harpies.

Vanquished Creatures
  An ancient lich (Vaults:1)
  A tentacled monstrosity (Swamp:2)
  Jorgrun (Snake:3)
  Frances (D:12)
  Gastronok (D:8)
  The ghost of funnyparkerb the Fencer, an adept FoMo of Okawaru (Swamp:1)
  Donald (Swamp:1)
  7 nagarajas
  An orc warlord (Vaults:1)
  Louise (Snake:2)
  An ironbound preserver (Vaults:1)
  2 ironbound thunderhulks (Vaults:1)
  A stone giant (D:15)
  9 eleionomae
  Azrael (Snake:1)
  3 bunyips
  Josephine (Lair:3)
  2 green deaths (Snake:1)
  2 shambling mangroves
  The ghost of experimilk the Grappler, a journeyman TrGl of Ru (Lair:1)
  3 fire dragons
  3 salamander tyrants (Snake:4)
  11 hydras
  3 yaktaur captains (Vaults:1)
  2 vault guards (D:14)
  17 anacondas
  2 ironbound frosthearts (Vaults:1)
  8 centaur warriors
  The ghost of SnakkuSnakku7 the Thaumaturge, a journeyman DjMo of Dithmenos (Lair:1)
  3 catoblepae
  2 ghost crabs
  9 naga warriors
  2 tengu warriors (D:15)
  4 two-headed ogres
  A deep troll shaman (Lair:5)
  8 alligators
  The ghost of Hubris850 the Carver, a journeyman GrIE of Elyvilon (Lair:2)
  6 death yaks
  17 naga sharpshooters
  Urug (Lair:5)
  An orc high priest (Orc:2)
  A shock serpent (shapeshifter) (D:13)
  7 shock serpents
  3 skeletal warriors
  4 salamander mystics
  A fire crab (Swamp:4)
  6 goliath frogs
  12 swamp dragons
  2 bog bodies
  8 naga ritualists
  A spriggan druid (Lair:3)
  3 deep trolls (Vaults:1)
  4 wizards
  A harpy (Vaults:1)
  A phantasmal warrior (Vaults:1)
  3 necromancers
  6 orc knights
  18 mana vipers
  3 orc sorcerers (Orc:2)
  A deep elf pyromancer (D:14)
  10 lindwurms
  An ironbound convoker (Vaults:1)
  16 ugly things
  3 will-o-the-wisps
  3 manticores
  18 salamanders
  6 cyclopes
  7 elephants
  A vault sentinel (Vaults:1)
  3 ice statues (IceCv)
  9 guardian serpents
  20 naga magi
  2 gargoyles
  48 black mambas
  14 cane toads
  An unseen horror (D:11)
  6 yaktaurs (Vaults:1)
  3 rime drakes
  4 komodo dragons
  A freezing wraith (IceCv)
  A tengu conjurer (D:15)
  A meliai (D:13)
  7 tyrant leeches
  4 polar bears
  15 hornets
  A troll (D:12)
  7 slime creatures
  11 dream sheep
  13 blink frogs
  9 spriggans
  A shadow (D:11)
  2 water elementals (D:15)
  2 centaur simulacra
  9 wraiths
  3 wyverns
  2 fire elementals (Snake:1)
  4 steam dragons
  82 yaks
  20 humans
  18 vampire mosquitoes
  4 basilisks
  2 death yak simulacra (IceCv)
  Grum (D:11)
  A harpy simulacrum (IceCv)
  6 wargs
  18 swamp worms
  An ogre zombie (Vaults:1)
  42 nagas
  A hydra simulacrum (IceCv)
  An acid dragon (D:13)
  19 water moccasins
  4 hell hounds (Snake:1)
  17 orc warriors
  7 swamp drakes (Swamp:4)
  A sky beast (D:7)
  3 black bears
  An ettin simulacrum (Vaults:1)
  3 ogres
  11 wolves
  An elf simulacrum (Vaults:1)
  A phantom (D:6)
  13 centaurs
  4 kobold brigands
  Blork the orc (D:5)
  10 bullfrogs
  A cane toad simulacrum (IceCv)
  A gnoll sergeant (D:10)
  2 necrophages
  2 scorpions
  An elephant simulacrum (IceCv)
  2 electric eels
  3 howler monkeys
  A hound (D:7)
  A lava snake (Swamp:4)
  14 orc priests
  Crazy Yiuf (D:5)
  A gnoll bouda (D:7)
  Jessica (D:3)
  3 iguanas
  14 orc wizards
  A polar bear simulacrum (IceCv)
  2 wolf simulacra (IceCv)
  17 gnolls
  3 adders
  13 white imps
  An ufetubus (D:6)
  A dart slug (D:1)
  4 worms
  43 orcs
  4 ball pythons
  9 endoplasms
  4 giant cockroaches
  12 goblins
  6 hobgoblins
  4 jackals (D:2)
  2 quokkas (D:3)
  4 bats
  3 frilled lizards
  26 kobolds
  7 rats
1004 creatures vanquished.

Vanquished Creatures (collateral kills)
  Roxanne (Swamp:1)
1 creature vanquished.

Vanquished Creatures (others)
  A naga sharpshooter (Snake:4)
  A spriggan druid (Swamp:1)
  2 bloated husks (Swamp:3)
  5 swamp drakes (Swamp:4)
  2 bushes (Lair:5)
  14 foxfires
  39 fungi
  39 plants
  6 withered plants (Lair:1)
109 creatures vanquished.

Grand Total: 1114 creatures vanquished

Notes
Turn   | Place    | Note
-------+----------+-------------------------------------------
     0 | Abyss:1  | greasedhog the Gargoyle Abyssal Knight began the quest for
                  | the Orb.
     0 | Abyss:1  | Reached XP level 1. HP: 14/14 MP: 2/2
     1 | D:1      | Escaped the Abyss
   175 | D:1      | Reached XP level 2. HP: 19/19 MP: 3/3
   983 | D:2      | Reached XP level 3. HP: 22/24 MP: 4/4
  1181 | D:2      | Reached *** piety under Lugonu
  2138 | D:3      | Noticed Jessica
  2147 | D:3      | Killed Jessica
  2148 | D:3      | Reached XP level 4. HP: 30/30 MP: 5/5
  2224 | D:3      | Got Ahei's Tutorial on Incantation
  2245 | D:3      | Found Xeuckai's Armour Emporium.
  2253 | D:3      | Bought a +0 cloak for 58 gold pieces
  2351 | D:3      | Found Hinyep's Jewellery Shoppe.
  2352 | D:3      | Found Tiehumpu's Jewellery Emporium.
  2477 | D:3      | Noticed a bullfrog
  2482 | D:3      | Killed a bullfrog
  2483 | D:3      | Reached skill level 5 in Fighting
  2483 | D:3      | Reached XP level 5. HP: 30/35 MP: 6/6
  2592 | D:3      | Found Joxahoe's Distillery.
  2602 | D:3      | Bought a potion of heal wounds for 65 gold pieces
  2602 | D:3      | Bought a potion of flight for 39 gold pieces
  2737 | D:3      | Reached **** piety under Lugonu
  3188 | D:4      | Noticed an ogre
  3196 | D:4      | Banished an ogre
  3197 | D:4      | Reached XP level 6. HP: 17/40 MP: 2/7
  3948 | D:5      | Entered Level 5 of the Dungeon
  3969 | D:5      | Reached skill level 5 in Maces & Flails
  4082 | D:5      | Noticed Blork the orc
  4087 | D:5      | Killed Blork the orc
  4088 | D:5      | Reached XP level 7. HP: 33/44 MP: 8/8
  4286 | D:5      | Found an iron altar of Okawaru.
  4656 | D:5      | Found a runed translucent door.
  4657 | D:5      | Noticed Crazy Yiuf
  4661 | D:5      | Gained mutation: You are robust. (+10% HP) [potion of
                  | mutation]
  4661 | D:5      | Gained mutation: You sometimes lose your temper in combat.
                  | [potion of mutation]
  4661 | D:5      | Gained mutation: You are covered in fur. (AC +1) [potion of
                  | mutation]
  4661 | D:5      | Gained mutation: Your mind is acute. (Int +4, Str/Dex -1)
                  | [potion of mutation]
  4670 | D:5      | Killed Crazy Yiuf
  4672 | D:5      | Identified the +5 hammer of the Abyss {speed, Dex+2}
  4673 | D:5      | Identified the +7 hammer "Segrar" {protect, Str+4}
  4947 | D:5      | You fall into a shaft and drop 2 floors!
  4947 | D:7      | Found a shadowy altar of Dithmenos.
  4986 | D:7      | Reached skill level 5 in Armour
  5246 | D:6      | Noticed a steam dragon
  5255 | D:7      | Reached skill level 1 in Dodging
  5362 | D:6      | Reached XP level 8. HP: 45/53 MP: 9/9
  5685 | D:5      | Found a staircase to the Ecumenical Temple.
  6420 | D:7      | Found a white marble altar of Elyvilon.
  6713 | D:8      | Noticed Gastronok
  6726 | D:8      | HP: 1/53 [Gastronok (18)]
  7107 | D:8      | Reached XP level 9. HP: 59/59 MP: 10/10
  7174 | D:8      | Identified the +9 short sword of Triumph {freeze, rElec
                  | rPois}
  7225 | D:8      | Killed Gastronok
  7226 | D:8      | Reached skill level 5 in Dodging
  7226 | D:8      | Reached skill level 4 in Invocations
  7307 | D:8      | Reached skill level 5 in Invocations
  7321 | D:8      | Reached XP level 10. HP: 47/64 MP: 12/14
  7750 | D:9      | Reached skill level 6 in Invocations
  7766 | D:9      | Found a glowing golden altar of the Shining One.
  7851 | D:9      | Reached skill level 1 in Evocations
  7969 | D:9      | Found a staircase to the Lair.
  8177 | D:9      | Reached skill level 10 in Maces & Flails
  8415 | D:9      | Reached skill level 7 in Invocations
  8610 | D:9      | Noticed a two-headed ogre
  8617 | D:9      | Killed a two-headed ogre
  8660 | D:10     | Entered Level 10 of the Dungeon
  8813 | D:10     | Reached XP level 11. HP: 41/69 MP: 16/16
  8816 | D:10     | Reached skill level 8 in Invocations
  9049 | D:10     | Noticed a two-headed ogre
  9063 | D:10     | Killed a two-headed ogre
  9218 | D:10     | Found a blossoming altar of Fedhas.
  9388 | D:10     | Reached skill level 5 in Evocations
  9612 | D:11     | Reached ***** piety under Lugonu
  9627 | D:11     | Reached skill level 9 in Invocations
  9648 | D:11     | Noticed a two-headed ogre
  9663 | D:11     | Killed a two-headed ogre
  9942 | D:11     | Noticed Grum
  9969 | D:11     | Killed Grum
 10257 | D:11     | Noticed a red ugly thing
 10338 | D:10     | Killed a red ugly thing
 10750 | D:11     | Identified the ring of Bofa {rF+ rCorr Str+2 Dex+2}
 10763 | D:11     | Noticed a green ugly thing
 10775 | D:11     | Killed a green ugly thing
 10863 | D:11     | Found a staircase to the Orcish Mines.
 11314 | Orc:1    | Entered Level 1 of the Orcish Mines
 11366 | Orc:1    | Noticed a cyclops
 11381 | Orc:1    | Killed a cyclops
 11889 | Orc:2    | Entered Level 2 of the Orcish Mines
 11933 | Orc:2    | Noticed an orc sorcerer
 11941 | Orc:2    | Killed an orc sorcerer
 11942 | Orc:2    | Reached skill level 10 in Invocations
 11942 | Orc:2    | Reached XP level 12. HP: 74/79 MP: 19/19
 13064 | Orc:2    | Noticed an orc warlord
 13101 | Orc:2    | Banished an orc warlord
 13184 | Orc:2    | Reached skill level 11 in Invocations
 13368 | Orc:2    | Noticed an orc high priest
 13507 | Orc:2    | Killed an orc high priest
 14014 | Orc:2    | Found Fuyk's Antique Weapon Shoppe.
 14074 | Orc:2    | Found Ynoxto Usob's General Store.
 14080 | Orc:2    | Bought a scroll of teleportation for 36 gold pieces
 14080 | Orc:2    | Bought a scroll of identify for 24 gold pieces
 14080 | Orc:2    | Bought a wand of mindburst (9) for 151 gold pieces
 14198 | Orc:2    | Found Gysis's Book Shoppe.
 14214 | Orc:2    | Found Uketo's Antique Armour Shoppe.
 14317 | Orc:2    | Found a staircase to the Elven Halls.
 14679 | Lair:1   | Entered Level 1 of the Lair of Beasts
 15086 | Lair:1   | Reached skill level 12 in Invocations
 15175 | Lair:1   | Reached skill level 10 in Fighting
 15265 | Lair:1   | Found a runed translucent gate.
 15265 | Lair:1   | Found a runed translucent gate.
 15266 | Lair:1   | Found a runed translucent gate.
 15267 | Lair:1   | Noticed experimilk's ghost (journeyman TrGl)
 15267 | Lair:1   | Noticed SnakkuSnakku7's ghost (journeyman DjMo)
 15275 | Lair:1   | Noticed a catoblepas
 15292 | Lair:1   | Killed a catoblepas
 15444 | Lair:1   | Noticed an eight-headed hydra
 15447 | Lair:1   | Banished an eight-headed hydra
 15899 | Lair:1   | Killed experimilk's ghost
 15923 | Lair:1   | Killed SnakkuSnakku7's ghost
 15924 | Lair:1   | Reached XP level 13. HP: 89/90 MP: 22/22
 15936 | Lair:1   | Identified the +1 plate armour of the Depths {rC+ Int+2}
 16532 | Lair:2   | Reached skill level 13 in Invocations
 16755 | Lair:2   | Noticed Hubris850's ghost (journeyman GrIE)
 16764 | Lair:2   | Found a transporter.
 17000 | Lair:2   | Found a transporter.
 17613 | Lair:2   | Killed Hubris850's ghost
 17657 | Lair:2   | Identified the +0 chain mail "Halih" {rCorr}
 17742 | Lair:3   | Found a staircase to the Snake Pit.
 18363 | Lair:3   | Reached skill level 14 in Invocations
 18838 | Lair:3   | Reached skill level 10 in Armour
 19254 | Lair:3   | Found a staircase to the Swamp.
 19988 | Lair:4   | Gained mutation: Your large and strong wings let you fly.
                  | [Gargoyle growth]
 19988 | Lair:4   | Reached XP level 14. HP: 89/96 MP: 25/25
 20025 | Lair:4   | Found a staircase to the Slime Pits.
 20075 | Lair:4   | Reached skill level 15 in Invocations
 21039 | Lair:5   | Entered Level 5 of the Lair of Beasts
 21192 | Lair:4   | Reached ****** piety under Lugonu
 22052 | Lair:5   | Noticed Urug
 22092 | Lair:5   | Killed Urug
 22464 | Lair:5   | Reached skill level 16 in Invocations
 23443 | Lair:5   | Identified the +1 quarterstaff "Vaevukhi" {venom, +Blink
                  | rN+}
 23981 | Lair:5   | Identified the ring of Birdsong {rF+ rCorr}
 24232 | D:12     | Found a frozen archway.
 24285 | D:12     | Noticed Nergalle
 24730 | IceCv    | Entered an ice cave
 24733 | IceCv    | Reached skill level 17 in Invocations
 24733 | IceCv    | Reached XP level 15. HP: 58/101 MP: 27/27
 25658 | IceCv    | Identified the +3 ring mail of Vosemn {rN+ Dex+5}
 25663 | IceCv    | Got Gioseosh's Vademecum on Command
 25699 | D:12     | Banished Nergalle
 25856 | D:12     | Noticed Frances
 25875 | D:12     | Killed Frances
 25892 | D:12     | Reached skill level 10 in Dodging
 26708 | D:13     | Identified the +11 war axe of Vigeum {venom, rPois Will++
                  | Str+4 Stlth-}
 27206 | D:13     | Identified the +5 chain mail "Ecaec" {+Blink SInv}
 28275 | D:14     | Reached skill level 18 in Invocations
 28533 | D:14     | Found a gate to the Vaults.
 28581 | D:14     | Found a shimmering altar of Xom.
 28825 | D:15     | Entered Level 15 of the Dungeon
 29951 | D:15     | Reached XP level 16. HP: 106/106 MP: 29/29
 29952 | D:15     | Found a staircase to the Depths.
 29970 | D:15     | HP: 4/106 [stone giant (20)]
 30516 | Swamp:1  | Entered Level 1 of the Swamp
 30516 | Swamp:1  | Noticed Josephine
 30674 | Lair:3   | Killed Josephine
 30700 | Lair:3   | Reached skill level 19 in Invocations
 31411 | Swamp:1  | Noticed Donald
 31433 | Swamp:1  | Killed Donald
 32529 | Swamp:1  | Identified Roxanne's Precepts of Geology
 32529 | Swamp:1  | Noticed Roxanne
 32861 | Swamp:1  | Killed Roxanne
 33054 | Swamp:1  | Found a runed translucent door.
 33054 | Swamp:1  | Noticed funnyparkerb's ghost (adept FoMo)
 33356 | Swamp:1  | Killed funnyparkerb's ghost
 33994 | Swamp:2  | Noticed a tentacled monstrosity
 34006 | Swamp:2  | Killed a tentacled monstrosity
 34007 | Swamp:2  | Reached skill level 1 in Shields
 34007 | Swamp:2  | Reached skill level 10 in Evocations
 35579 | Swamp:3  | Reached skill level 20 in Invocations
 35894 | D:3      | Bought an amulet of regeneration for 390 gold pieces
 36301 | Swamp:3  | Identified the +5 flail "Zeiwk" {vamp, Str+4}
 36686 | Swamp:3  | Reached skill level 5 in Shields
 36866 | Swamp:4  | Entered Level 4 of the Swamp
 37169 | Swamp:4  | Reached XP level 17. HP: 113/113 MP: 31/31
 38569 | Swamp:4  | Got a decaying rune of Zot
 38927 | Snake:1  | Entered Level 1 of the Snake Pit
 39133 | Snake:1  | Found Ligg's Weapon Shoppe.
 39147 | Snake:1  | Found Veapuasch's Distillery.
 39195 | Snake:1  | Bought a potion of resistance for 140 gold pieces
 39195 | Snake:1  | Bought a potion of cancellation for 112 gold pieces
 39195 | Snake:1  | Bought a potion of might for 56 gold pieces
 39195 | Snake:1  | Bought a potion of heal wounds for 70 gold pieces
 39345 | Snake:1  | Noticed Azrael
 39369 | Snake:1  | Killed Azrael
 39674 | Snake:1  | Found a runed translucent door.
 39790 | Snake:1  | Reached skill level 21 in Invocations
 40569 | Snake:2  | Found Denitoe's Overcharged Wands.
 41163 | Snake:2  | Reached XP level 18. HP: 124/124 MP: 32/32
 41561 | Snake:2  | Reached skill level 10 in Shields
 41580 | Snake:2  | Identified the +8 mace of the Endless March {vorpal, Str+3}
 41940 | Snake:3  | Noticed Louise
 42004 | Snake:2  | Killed Louise
 42992 | Snake:3  | Noticed Jorgrun
 43032 | Snake:3  | Killed Jorgrun
 43099 | Snake:3  | Found Xemur's Book Emporium.
 43328 | Snake:4  | Entered Level 4 of the Snake Pit
 43476 | Snake:4  | Found Minlus's General Store.
 43479 | Snake:4  | Bought a potion of mutation for 96 gold pieces
 43479 | Snake:4  | Bought a scroll of teleportation for 36 gold pieces
 43479 | Snake:4  | Bought a scroll of poison for 48 gold pieces
 43610 | Snake:4  | Noticed Vashnia
 43620 | Snake:4  | Banished Vashnia
 43690 | Snake:4  | Reached skill level 22 in Invocations
 44442 | Snake:4  | Found Iqow's General Store.
 44462 | Snake:4  | Bought a wand of paralysis (5) for 156 gold pieces
 44462 | Snake:4  | Bought a scroll of enchant armour for 97 gold pieces
 44462 | Snake:4  | Bought a lightning rod (4/4) for 390 gold pieces
 44464 | Snake:4  | Found Eramys Omim's General Store.
 44473 | Snake:4  | Bought a scroll of fear for 68 gold pieces
 44473 | Snake:4  | Bought a scroll of identify for 34 gold pieces
 44473 | Snake:4  | Bought a scroll of immolation for 68 gold pieces
 45169 | Snake:4  | Reached XP level 19. HP: 83/134 MP: 34/34
 45258 | Snake:4  | Reached skill level 15 in Fighting
 45288 | Snake:4  | Got a serpentine rune of Zot
 45443 | Snake:4  | Found Aprat's Armour Emporium.
 45972 | Vaults:1 | Entered Level 1 of the Vaults
 45977 | Vaults:1 | Identified a scroll of acquirement
 45978 | Vaults:1 | Acquired the +1 pair of gloves of Pandemonium {rPois Slay+2
                  | Stlth+}
 46203 | Vaults:1 | Found Giluuv's Antique Weapon Shoppe.
 46952 | Vaults:1 | Noticed an ancient lich
 47299 | Vaults:1 | Found Ickimapt's Book Emporium.
 47350 | Vaults:1 | Killed an ancient lich
 47614 | Vaults:1 | HP: 4/136 [harpy (9)]
 47614 | Vaults:1 | Slain by a harpy

Illustrated notes

Levels and vault maps discovered:
D:1:      moated_graveyard_arrival, layout_loops_ring, serial_glass,
          glass_columns_a, glass_columns_a
D:2:      layout_basic, corexii_item_surrounded_by_moat
D:3:      layout_loops_ring, serial_shops, shop, shop,
          nicolae_shop_temple_entry_statues_fountains, shop, uniq_jessica
D:4:      layout_loops_ring, minmay_tree_intersection
D:5:      layout_basic, okawaru_trees_1, minmay_temple_entry_enclosed_plants,
          uniq_blork_the_orc, uniq_crazy_yiuf_cottage
D:6:      layout_gridville, roderic_roman_lattice
D:7:      layout_basic, mainiacjoe_overflow_concentric_impassable,
          overflow_temple_1_default
D:8:      layout_gridville, uniq_gastronok
D:9:      layout_rooms, kennysheep_mini_moat, grunt_lair_entry_orc_guard_hut,
          evilmike_minifort
D:10:     layout_roguey, kennysheep_little_box
D:11:     layout_irregular_city, erik_orc_4, billiards_dpeg, uniq_grum
D:12:     layout_big_octagon, portal_ice_cave_entry_imps, uniq_frances,
          uniq_nergalle
D:13:     layout_loops_ring
D:14:     layout_rooms, grunt_vaults_entry_tiered, xom_teletrap_fun
D:15:     grunt_enter_depths_snipers, layout_basic
Lair:1:   layout_cave_pods, gammafunk_ghost_cemetery
Lair:2:   layout_loops_ring, gauntlet_entry_generic, nzn_ghost_randoct,
          beast_lair_carwin_2, infiniplex_staircase_pool_2
Lair:3:   layout_roguey, minmay_swamp_entry_swarm, guppyfry_snake_entry_garden,
          serial_bayou_shore_a
Lair:4:   layout_cellular_growth, slime_entry_1, minivault_25,
          chequers_serial_rivers_micro_e
Lair:5:   grunt_lair_end_beastmaster, layout_regular_city, dreamdust_wasp_nest,
          uniq_urug
Swamp:1:  layout_basic_swamp, hellmonk_ghost_happy_afterlife,
          evilmike_swamp_ruin_house_1, nicolae_swamp_little_tower, uniq_donald,
          uniq_josephine, uniq_roxanne
Swamp:2:  nicolae_swamp_wrong_neighborhood, layout_falls_marsh,
          infiniplex_staircase_pool
Swamp:3:  layout_basic_swamp, evilmike_swamp_ruin_rubble_2, swamp_pool1
Swamp:4:  swamp_fiery, layout_basic_swamp, swamp_pool4, nicolae_swamp_oxbows
Snake:1:  cheibrodos_toxic_ritual, layout_basic, nicolae_coiled_stairwell_down,
          grunt_megastairs_3, minmay_shop_star, uniq_azrael
Snake:2:  kennysheep_snake, layout_honeycomb, nicolae_shop_overcharged_wands,
          serial_bayou_shore_b
Snake:3:  layout_misc_corridors, serial_shops, nicolae_shop_stone, special_room,
          uniq_louise, uniq_jorgrun
Snake:4:  snake_pit_salamanders_mu, layout_cave_town, serial_shops,
          nicolae_square_shop, nicolae_shop_behind_doors, shop,
          nicolae_square_shop, drop_trap, uniq_vashnia
Orc:1:    layout_caves, basic_altar
Orc:2:    grunt_orc_cross, layout_diamond_mine, basic_altar
Vaults:1: vaults_room_large_hall, nicolae_vaults_theta,
          nicolae_vaults_specimen_jars, v_misc_29, vaults_room_hallway,
          v_misc_3, st_more_cells, vaults_dpeg_encased_lava,
          hangedman_vaults_capsules, hangedman_vaults_trim,
          layout_vaults_big_room, serial_shops, shop, nicolae_lakefront_shop

Skill      XL: |  1  2  3  4  5  6  7  8  9 10 11 12 13 14 15 16 17 18 19 |
---------------+----------------------------------------------------------+-----
Fighting       | 4 5 7 10 12 14 15 | 15.1
Maces & Flails | 3 4 5 6 8 9 10 12 | 12.0
Armour         | 3 4 5 6 10 11 | 11.1
Dodging        | 1 4 5 6 9 10 | 10.0
Invocations    | 5 7 10 12 14 17 18 20 21 22 | 22.9
Evocations     | 4 5 8 10 | 10.0
Shields        | 5 9 12 13 | 13.2

Action                   |  1- 3 |  4- 6 |  7- 9 | 10-12 | 13-15 | 16-18 | 19-21 || total
-------------------------+-------+-------+-------+-------+-------+-------+-------++-------
Melee: Mace              |    65 |       |   156 |   802 |  1907 |   706 |    26 ||  3662
       Dagger            |    58 |     2 |       |       |       |       |       ||    60
       Club              |       |    90 |    17 |       |       |       |       ||   107
       Punch             |       |     2 |     1 |     9 |    21 |       |       ||    33
       Flail             |       |       |       |       |       |  2013 |   332 ||  2345
Throw: Dart              |       |       |       |     3 |     3 |       |       ||     6
Invok: Banish            |       |     1 |       |     5 |    18 |     8 |       ||    32
       Bend Space        |       |       |       |       |     1 |     3 |     1 ||     5
 Abil: Evoke Blink       |       |       |       |       |       |       |     1 ||     1
Evoke: Wand              |       |       |    11 |       |     4 |    11 |       ||    26
  Use: Scroll            |     2 |     3 |     2 |     5 |    16 |     6 |     4 ||    38
       Potion            |       |     1 |     7 |       |    12 |    11 |     2 ||    33
Armor: Leather armour    |     2 |       |       |       |       |       |       ||     2
       Plate armour      |   108 |    57 |   142 |   637 |  1360 |       |       ||  2304
       Skin              |       |       |       |       |     6 |       |       ||     6
       Chain mail        |       |       |       |       |   451 |  2207 |   297 ||  2955
Dodge: Dodged            |    42 |    16 |    68 |   320 |  1113 |  1237 |   192 ||  2988
Block: Buckler           |       |       |       |       |    55 |    22 |       ||    77
       Kite shield       |       |       |       |       |       |  1340 |   379 ||  1719
       Reflection        |       |       |       |       |       |       |    10 ||    10
